 Dungeon Crawl Stone Soup version 0.22.1-1-ga44c0e5 (webtiles) character file.

6456 dvd the Zephyrmancer (level 10, -3/56 HPs)
             Began as a Tengu Air Elementalist on Oct 29, 2018.
             Was an Initiate of Vehumet.
             Slain by a seven-headed hydra (9 damage)
             ... on level 2 of the Lair of Beasts.
             The game lasted 00:37:10 (10493 turns).

dvd the Zephyrmancer (Tengu Air Elementalist)      Turns: 10493, Time: 00:37:11

Health: -3/56      AC: 13    Str: 16    XL:     10   Next: 99%
Magic:  4/23       EV: 13    Int: 27    God:    Vehumet [......]
Gold:   118        SH:  6    Dex: 15    Spells: 4/25 levels left

rFire    . . .     SeeInvis +   D - +4 scimitar (flame)
rCold    . . .     Gourm    .   (no shield)
rNeg     . . .     Faith    .   I - +5 ring mail of Whack-A-Mole {MR+ Stlth+}
rPois    +         Spirit   .   (helmet restricted)
rElec    .         Reflect  +   k - +0 cloak
rCorr    .         Harm     .   e - +0 pair of gloves
MR       +....                  (boots unavailable)
Stlth    +++.......             O - +6 amulet of reflection
HPRegen  0.18/turn              d - +3 ring of slaying
MPRegen  0.18/turn              s - ring "Ighogoof" {+Fly Str+5 Int+7 SInv}

@: about to teleport
A: beak, talons 3, clever 1, poison resistance, strong 1, MP-powered wands, able
to fly 1
a: Fly, Renounce Religion, Evoke Flight


You were on level 2 of the Lair of Beasts.
You worshipped Vehumet.
Vehumet was noncommittal.
You were not hungry.

You visited 3 branches of the dungeon, and saw 12 of its levels.

You collected 657 gold pieces.
You spent 539 gold pieces at shops.

Inventory:

Hand Weapons
 a - a +1 spear of freezing
 b - a +3 war axe of chopping
 D - a +4 scimitar of flaming (weapon)
 N - a +3 halberd
 R - a +0 trident of venom
Armour
 e - a +0 pair of gloves (worn)
 k - a +0 cloak (worn)
 y - a +2 robe of magic resistance
 z - a +1 leather armour of fire resistance
 I - the +5 ring mail of Whack-A-Mole (worn) {MR+ Stlth+}
   (You found it on level 4 of the Dungeon)

   It affects your resistance to hostile enchantments.
   It makes you more stealthy.
Jewellery
 d - a +3 ring of slaying (left hand)
 g - an uncursed ring of ice
 r - an uncursed ring of protection from fire
 s - the ring "Ighogoof" (right hand) {+Fly Str+5 Int+7 SInv}
   (You bought it in a shop on level 5 of the Dungeon)

   [ring of flight]

   It affects your strength (+5).
   It affects your intelligence (+7).
   It lets you see invisible.
   It lets you fly.
 w - an uncursed amulet of regeneration
 H - an uncursed ring of resist corrosion
 O - a +6 amulet of reflection (around neck)
Wands
 m - a wand of digging (21)
 n - a wand of random effects (35)
 u - a wand of flame (22)
 x - a wand of enslavement (11)
 A - a wand of polymorph (10)
 L - a wand of iceblast (8)
Scrolls
 f - 4 scrolls of magic mapping
 h - 7 scrolls of identify
 i - 3 scrolls of fear
 j - 7 scrolls of remove curse
 q - 4 scrolls of teleportation
 t - 3 scrolls of amnesia
 K - a scroll of holy word
Potions
 l - 2 potions of lignification {unknown}
 o - 2 potions of flight
 p - a potion of agility {unknown}
 v - 2 potions of haste
 B - a potion of invisibility {unknown}
 J - 3 potions of curing
Comestibles
 c - 10 rations
 C - 11 chunks of flesh


   Skills:
 + Level 3.1 Fighting
 + Level 6.3(6.5) Axes
 + Level 2.0(4.5) Polearms
 + Level 4.2 Armour
 + Level 4.3 Dodging
 + Level 4.1 Stealth
 + Level 8.3 Spellcasting
 + Level 6.5 Conjurations
 + Level 11.2 Air Magic
 + Level 1.6 Poison Magic
 + Level 0.6 Evocations


You had 4 spell levels left.
You knew the following spells:

 Your Spells              Type           Power        Failure   Level  Hunger
a - Shock                 Conj/Air       ####         1%          1    None
b - Static Discharge      Conj/Air       ######..     1%          3    None
c - Airstrike             Air            ######....   1%          4    ##.....
d - Poisonous Vapours     Pois/Air       #####.       1%          2    None
e - Mephitic Cloud        Conj/Pois/Air  #####...     1%          3    None
f - Regeneration          Chrm/Necr      ##........   28%         3    None
g - Lightning Bolt        Conj/Air       ######....   6%          5    ####...

Your spell library contained the following spells:

 Spells                   Type           Power        Failure   Level  Hunger
 Swiftness                Chrm/Air       #####...     1%          2    None
 Conjure Flame            Conj/Fire      ####....     7%          3    None
 Infusion                 Chrm           ##..         10%         1    None
 Shroud of Golubria       Chrm/Tloc      ##........   14%         2    None
 Song of Slaying          Chrm           ##......     14%         2    None
 Spectral Weapon          Hex/Chrm       ##......     28%         3    None
 Freezing Cloud           Conj/Ice/Air   #####.....   77%         6    ######.
 Ring of Flames           Chrm/Fire      ##........   100%        7    #######


Dungeon Overview and Level Annotations

Branches:
Dungeon (9/15)             Temple (1/1) D:6            Lair (2/6) D:8
  Swamp: Lair:2-4    Shoals: Lair:2-4     Snake: Lair:2-4    Spider: Lair:2-4
    Orc: D:9-12

Altars:
Ashenzari
Cheibriados
Elyvilon
Fedhas
Gozag
Hepliaklqana
Kikubaaqudgha
Makhleb
Nemelex Xobeh
Okawaru
Qazlal
Ru
Sif Muna
Trog
Uskayaw
Vehumet
Wu Jian
Xom
Yredelemnul
Zin
The Shining One

Shops:
D:4 *   D:5 =

Annotations:
D:6 2 transporters, Jaiteiro's ghost, novice VSFi


Innate Abilities, Weirdness & Mutations

You have a beak for a mouth.
You have claws for feet.
You can fly.
Your mind is acute. (Int +2)
Your system is resistant to poisons. (rPois)
Your muscles are strong. (Str +2)
You expend magic power (3 MP) to strengthen your wands.


Message History

* * * LOW HITPOINT WARNING * * *
The seven-headed hydra barely misses you.
You block the seven-headed hydra's attack.
The seven-headed hydra bites you.
* * * LOW HITPOINT WARNING * * *
The seven-headed hydra barely misses you.
The seven-headed hydra misses you.
You block the seven-headed hydra's attack. x2
The seven-headed hydra bites you but does no damage.
As you read the scroll of teleportation, it crumbles to dust.
You feel strangely unstable.
You block the seven-headed hydra's attack.
The seven-headed hydra bites you but does no damage.
The seven-headed hydra closely misses you.
The seven-headed hydra bites you!
* * * LOW HITPOINT WARNING * * *
The seven-headed hydra closely misses you.
The seven-headed hydra bites you but does no damage.
The seven-headed hydra bites you!
You die...

.... ............... ....
...................
........................
##P.....................
###...####.P.#........# ...≈≈≈≈≈≈
.....................###...≈≈≈≈≈≈
..#.........................≈≈≈≈≈
...............D..........#.....≈
.P#............P@.....P..P#......
..#............#.........##......
.#....#........+......#.###......
.##....####..........###.#P......
#.............................÷..
...........................†.....
..#...##############..##..##.....
#P##### #############. ### #


You could see a seven-headed hydra.

Vanquished Creatures
  Erica (Lair:1)
  An elephant (D:8)
  A komodo dragon (Lair:1)
  A hippogriff (D:8)
  Sigmund (D:3)
  5 yaks (Lair:2)
  A basilisk (D:8)
  Eustachio (D:6)
  An acid dragon (D:9)
  An orc warrior (D:6)
  4 porcupines
  3 ice beasts
  A sky beast (D:8)
  5 ogres
  A phantom (D:4)
  2 centaurs
  An eye of draining (D:8)
  4 crocodiles
  Blork the orc (D:6)
  3 bullfrogs
  2 scorpions (D:8)
  4 howler monkeys
  2 crimson imps (D:7)
  A quasit (D:9)
  A bullfrog skeleton (D:4)
  5 hounds
  2 jellies
  4 orc priests
  3 iguanas
  9 worker ants
  11 orc wizards
  11 adders
  7 gnolls
  3 oozes
  An adder skeleton (D:6)
  An adder zombie (D:5)
  5 worms
  6 leopard geckos
  38 orcs
  A ball python (D:3)
  9 bats
  7 giant cockroaches
  14 goblins
  13 hobgoblins
  11 jackals
  7 quokkas
  4 frilled lizards
  A jackal skeleton (D:7)
  A jackal zombie (D:7)
  8 kobolds
  A leopard gecko zombie (D:5)
  10 rats
  A fungus (Lair:2)
243 creatures vanquished.

Notes
Turn   | Place    | Note
-------+----------+-------------------------------------------
     0 | D:1      | dvd the Tengu Air Elementalist began the quest for the Orb.
     0 | D:1      | Reached XP level 1. HP: 10/10 MP: 4/4
   404 | D:1      | Reached XP level 2. HP: 15/15 MP: 4/6
   740 | D:1      | Reached XP level 3. HP: 19/19 MP: 1/7
   807 | D:1      | Learned a level 3 spell: Static Discharge
  1038 | D:2      | Reached skill level 5 in Air Magic
  1393 | D:2      | Reached XP level 4. HP: 12/24 MP: 6/9
  2126 | D:3      | Reached skill level 1 in Axes
  2260 | D:3      | Gained mutation: You can fly. [Tengu growth]
  2260 | D:3      | Reached XP level 5. HP: 25/28 MP: 0/10
  2804 | D:3      | Reached XP level 6. HP: 29/33 MP: 5/11
  2821 | D:3      | Learned a level 4 spell: Airstrike
  3016 | D:3      | Noticed Sigmund
  3208 | D:3      | Killed Sigmund
  3208 | D:3      | Reached skill level 6 in Air Magic
  3280 | D:3      | Found a bloodstained altar of Trog.
  3618 | D:4      | Reached XP level 7. HP: 31/37 MP: 6/13
  4296 | D:4      | Found a shattered altar of Ashenzari.
  4298 | D:4      | Reached skill level 1 in Fighting
  4428 | D:4      | Reached skill level 1 in Polearms
  4429 | D:4      | Found Ascheidd's Assorted Antiques.
  4534 | D:4      | Got a pitted ring mail
  4613 | D:4      | Identified the +5 ring mail of Whack-A-Mole {MR+ Stlth+}
                  | (You found it on level 4 of the Dungeon)
  4864 | D:5      | Entered Level 5 of the Dungeon
  4888 | D:5      | Reached skill level 7 in Air Magic
  4896 | D:5      | Reached XP level 8. HP: 26/43 MP: 6/16
  5067 | D:5      | Reached skill level 1 in Armour
  5067 | D:5      | Reached skill level 5 in Spellcasting
  5383 | D:5      | Found Niuriafo's Jewellery Emporium.
  5975 | D:6      | Noticed Eustachio
  5990 | D:6      | Killed Eustachio
  5990 | D:6      | Reached skill level 5 in Conjurations
  6240 | D:6      | Noticed Blork the orc
  6244 | D:6      | Killed Blork the orc
  6244 | D:6      | Reached skill level 8 in Air Magic
  6339 | D:6      | Reached XP level 9. HP: 48/48 MP: 15/18
  6559 | D:6      | Found a staircase to the Ecumenical Temple.
  6573 | Temple   | Entered the Ecumenical Temple
  7147 | D:6      | Found a transporter.
  7149 | D:6      | Noticed a two-headed ogre
  7151 | D:6      | Found a transporter.
  7151 | D:6      | Noticed Jaiteiro's ghost (novice VSFi)
  7387 | D:6      | Gained mutation: You are frail. (-10% HP) [potion of
                  | mutation]
  7387 | D:6      | Gained mutation: You expend magic power (3 MP) to
                  | strengthen your wands. [potion of mutation]
  7388 | D:6      | Lost mutation: You are frail. (-10% HP) [potion of
                  | mutation]
  7388 | D:6      | Gained mutation: Your mind is acute. (Int +2) [potion of
                  | mutation]
  7388 | D:6      | Gained mutation: Your system is resistant to poisons.
                  | (rPois) [potion of mutation]
  7388 | D:6      | Gained mutation: Your muscles are strong. (Str +2) [potion
                  | of mutation]
  7484 | D:7      | Learned a level 2 spell: Poisonous Vapours
  7488 | D:7      | Learned a level 3 spell: Mephitic Cloud
  7492 | D:7      | Learned a level 3 spell: Regeneration
  7785 | D:8      | Reached skill level 9 in Air Magic
  7794 | D:8      | Found a runed door.
  7812 | D:8      | Found a runed door.
  8021 | D:8      | Noticed an elephant
  8022 | D:8      | Reached skill level 5 in Axes
  8212 | D:7      | Learned a level 5 spell: Lightning Bolt
  8619 | D:8      | Killed an elephant
  8619 | D:8      | Reached XP level 10. HP: 20/55 MP: 3/21
  8868 | D:8      | Reached skill level 10 in Air Magic
  8927 | D:8      | Found a staircase to the Lair.
  9117 | D:8      | Reached skill level 1 in Poison Magic
  9233 | D:9      | Found a burning altar of Makhleb.
  9233 | D:9      | Found a radiant altar of Vehumet.
  9234 | D:9      | Found a sparkling altar of Nemelex Xobeh.
  9241 | D:9      | Became a worshipper of Vehumet
  9411 | D:5      | Bought the ring "Ighogoof" {+Fly Str+5 Int+7 SInv} for 539
                  | gold pieces
  9459 | Lair:1   | Entered Level 1 of the Lair of Beasts
  9657 | Lair:1   | Noticed Erica
  9663 | Lair:1   | Killed Erica
 10442 | Lair:2   | Reached skill level 11 in Air Magic
 10460 | Lair:2   | Noticed an eight-headed hydra
 10493 | Lair:2   | Slain by a seven-headed hydra

Skill      XL: |  1  2  3  4  5  6  7  8  9 10 |
---------------+-------------------------------+-----
Air Magic      | 5 6 7 8 9 11 | 11.2
Axes           | 1 2 3 5 6 |  6.3
Conjurations   | 2 3 4 5 6 |  6.5
Spellcasting   | 3 4 5 6 8 |  8.3
Fighting       | 1 2 3 |  3.1
Dodging        | 3 4 |  4.3
Polearms       | 1 2 |  2.0
Armour         | 2 3 4 |  4.2
Stealth        | 3 4 |  4.1
Poison Magic   | 1 |  1.6
Evocations     | |  0.6

Action                   |  1- 3 |  4- 6 |  7- 9 | 10-12 || total
-------------------------+-------+-------+-------+-------++-------
Melee: Hand axe          |    22 |    45 |     5 |       ||    72
       Peck              |     4 |     4 |    23 |    10 ||    41
       Kick              |     1 |    13 |    27 |    20 ||    61
       Spear             |       |       |    56 |       ||    56
       War axe           |       |       |    83 |    50 ||   133
       Scimitar          |       |       |       |     1 ||     1
 Cast: Shock             |    55 |    87 |    71 |     5 ||   218
       Static Discharge  |       |     8 |    37 |    12 ||    57
       Airstrike         |       |     3 |    23 |    23 ||    49
       Poisonous Vapours |       |       |     5 |     7 ||    12
       Mephitic Cloud    |       |       |     3 |     1 ||     4
       Lightning Bolt    |       |       |       |     1 ||     1
       Regeneration      |       |       |       |     1 ||     1
Evoke: Wand              |       |     2 |       |     3 ||     5
  Use: Potion            |       |     2 |     8 |       ||    10
       Scroll            |       |       |    12 |     3 ||    15
 Stab: Sleeping          |       |       |     7 |       ||     7
       Confused          |       |       |     1 |     1 ||     2
  Eat: Chunk             |     2 |     9 |    17 |     6 ||    34
       Ration            |       |       |     2 |       ||     2
Armor: Robe              |     8 |     7 |    14 |       ||    29
       Ring mail         |       |       |    58 |    21 ||    79
Dodge: Dodged            |    25 |    40 |    94 |    33 ||   192
Block: Other             |       |       |    17 |    22 ||    39
       Reflection        |       |       |       |     1 ||     1
